 Dungeon Crawl Stone Soup version 0.32-a0-329-ge6c31236d6 (webtiles) character file.

Game seed: 11078541085808834309

24 Newt the Trooper (level 3, 0/24 HPs)
             Began as a Gargoyle Monk on Feb 16, 2024.
             Slain by a gnoll
             ... wielding a +2 halberd of venom
              (12 damage)
             ... on level 3 of the Dungeon.
             The game lasted 00:01:22 (664 turns).

Newt the Trooper (Gargoyle Monk)                     Turns: 664, Time: 00:01:23

Health: 0/24       AC:  5    Str: 16    XL:     3   Next: 2%
Magic:  0/3        EV: 13    Int: 10    God:
Gold:   120        SH:  0    Dex: 18    Spells: 2/2 levels left

rFire   . . .        i - +2 spear (freeze)
rCold   . . .        d - orb {light}
rNeg    + . .        b - +0 robe
rPois   ∞            (no helmet)
rElec   +            (no cloak)
rCorr   .            (no gloves)
SInv    .            (no boots)
Will    .....        j - amulet of guardian spirit
Stlth   +            f - +6 ring of dexterity
HPRegen 0.24/turn    (no ring)
MPRegen 0.08/turn

%: guardian spirit
@: glowing
A: sickness immunity, AC +3, negative energy resistance 1, electricity
resistance, torment resistance 1, petrification resistance
a: no special abilities


You were on level 3 of the Dungeon.
You visited 1 branch of the dungeon, and saw 3 of its levels.

You collected 120 gold pieces.

Inventory:

Hand Weapons
 a - a +0 mace
 i - a +2 spear of freezing (weapon)
 p - a +2 trident of protection
Armour
 b - a +0 robe (worn)
 d - an orb of light (worn)
 q - a +0 kite shield
Jewellery
 f - a +6 ring of dexterity (left hand)
 j - an amulet of guardian spirit (around neck)
Scrolls
 h - a scroll of blinking {unknown}
 n - a scroll of amnesia
Potions
 g - a potion of resistance
 k - 2 potions of curing {unknown}
 l - 2 potions of degeneration {unknown}


   Skills:
 + Level 3.7 Fighting
 - Level 3.4 Maces & Flails
 * Level 1.0 Polearms
 - Level 2.4 Dodging


You had 2 spell levels left.
You didn't know any spells.
Your spell library was empty.

Dungeon Overview and Level Annotations

Branches:
Dungeon (3/15)

Altars:

Annotations:
D:2 Terence


Innate Abilities, Weirdness & Mutations

You are immune to sickness and miasma.
Your stone body is resilient. (AC +3)
You are immune to poison.
You resist negative energy. (rN+)
You are resistant to electric shocks. (rElec)
You are resistant to unholy torment.
You are immune to petrification.


Message History

You feel less confused.
Terence hits you with a +2 flail of protection!
* * * LOW HITPOINT WARNING * * *
Unknown command.
You are confused.
You feel invigorated. Terence closely misses you.
Unknown command.
You bump into the rock wall.
Terence closely misses you.
Unknown command.
Unknown command.
You hit Terence but do no damage.
Terence is lightly wounded.
Terence completely misses you.
Unknown command.
Unknown command.
You bump into the rock wall.
Terence hits you with a +2 flail of protection.
Unknown command.
You hit Terence but do no damage.
Terence is lightly wounded.
You feel less invigorated.
You feel less confused.
Terence hits you with a +2 flail of protection.
Unknown command.
As you read the scroll of teleportation, it crumbles to dust.
You feel strangely unstable.
Terence hits you with a +2 flail of protection!
Unknown command.
Your surroundings suddenly seem different.
There is a stone staircase leading down here.
You climb downwards.
The gnoll shouts! x2; The rat squeaks loudly.
Found a dagger and a sedimented inky potion.
There is a stone staircase leading up here.
There are monsters nearby!
Unknown command.
The gnoll hits you from afar with a +0 spear.
The gnoll hits you from afar with a +2 halberd of venom!
Ouch! That really hurt!
You die...

..........
..r.....
##....... #
#.......#.#
.#.......#.#
........gg. .##
.........#.g...
.......@.......
.........#.#r.#
.....b.....
..###.####.# .
.. ... ##. ..)
# .S. !..


You could see 3 gnolls, a bat (wandering), a ball python and 2 rats.

Vanquished Creatures
  2 ball pythons
  2 endoplasms (D:1)
  A giant cockroach (D:2)
  2 goblins
  A kobold (D:1)
  A bat (D:1)
  A frilled lizard (D:1)
  4 rats
14 creatures vanquished.

Notes
Turn   | Place    | Note
-------+----------+-------------------------------------------
     0 | D:1      | Newt the Gargoyle Monk began the quest for the Orb.
     0 | D:1      | Reached XP level 1. HP: 14/14 MP: 1/1
    70 | D:1      | Reached XP level 2. HP: 19/19 MP: 2/2
   624 | D:2      | Noticed Terence
   642 | D:2      | Reached skill level 1 in Polearms
   642 | D:2      | Reached XP level 3. HP: 15/24 MP: 1/3
   646 | D:2      | HP: 1/24 [Terence/+2 flail of protection (10)]
   664 | D:3      | Slain by a gnoll

Illustrated notes

Levels and vault maps discovered:
D:1:      psy_arrival_whirlpool, layout_rooms
D:2:      minmay_alternating_diamond, layout_rooms,
          corexii_item_surrounded_by_moat, uniq_terence, uniq_natasha
D:3:      layout_loops_ring, nicolae_tso_besieged_by_evil,
          lightli_temple_of_fire, due_unseen_surprise

Skill      XL: |  1  2 |
---------------+-------+-----
Polearms       | 1 |  1.0
Fighting       | |  3.7
Maces & Flails | |  3.4
Dodging        | |  2.4

Action                     || total
---------------------------++-------
  Melee: Mace              ||    10
         Spear             ||    25
    Use: Scroll            ||     7
         Potion            ||     2
 Armour: Robe              ||    27
  Dodge: Dodged            ||    27

Table legend: (Time is in decaauts)
 A = Elapsed time spent in this place.
 B = Non-inter-level travel time spent in this place.
 C = Inter-level travel time spent in this place.
 D = Time resting spent in this place.
 E = Time spent auto-exploring this place.
 F = Levels seen in this place.
 G = Mean time per level.
                   A        B        C        D        E       F      G
               +--------+--------+--------+--------+--------+-----+--------+
         Total |    668 |    648 |     20 |      0 |    480 |   3 |  222.7 |
       Dungeon |    668 |    648 |     20 |      0 |    480 |   3 |  222.7 |
               +--------+--------+--------+--------+--------+-----+--------+

Top non-repeatable levels by time:
     D:1: 445 daAuts
     D:2: 221 daAuts
     D:3: 0 daAuts
